 Dungeon Crawl Stone Soup version 0.29-a0-110-g189f89ecda (webtiles) character file.

Game seed: 10115817226563145330

76 Murumi the Skirmisher (level 4, -1/40 HPs)
             Began as a Minotaur Fighter on Feb 17, 2022.
             Slain by a sky beast (6 damage)
             ... on level 3 of the Dungeon.
             The game lasted 00:07:16 (1925 turns).

Murumi the Skirmisher (Minotaur Fighter)            Turns: 1925, Time: 00:07:17

Health: -1/40      AC:  9    Str: 21    XL:     4   Next: 12%
Magic:  3/3        EV:  7    Int:  7    God:
Gold:   103        SH:  5    Dex:  9    Spells: 3/3 levels left

rFire   . . .      SeeInvis .   h - +0 whip
rCold   . . .      Faith    .   c - +1 buckler
rNeg    . . .      Spirit   .   j - +0 chain mail
rPois   .          Reflect  .   (helmet restricted)
rElec   .          Harm     .   (no cloak)
rCorr   .          Rampage  .   (no gloves)
Will    .....                   (no boots)
Stlth   ..........              (no amulet)
HPRegen 0.13/turn               (no ring)
MPRegen 0.08/turn               (no ring)

@: no status effects
A: horns 2, retaliatory headbutt
a: no special abilities


You were on level 3 of the Dungeon.
You visited 1 branch of the dungeon, and saw 3 of its levels.

You collected 103 gold pieces.

Inventory:

Hand Weapons
 a - a +0 flail
 h - a +0 whip (weapon)
Missiles
 g - 37 stones (quivered)
 m - 24 sling bullets
Armour
 b - a +2 kite shield
 c - a +1 buckler (worn)
 j - a +0 chain mail (worn)
Potions
 d - a potion of might
 e - a potion of cancellation
 f - a potion of heal wounds {unknown}
 i - a potion of brilliance {unknown}
 k - a potion of ambrosia {unknown}
 l - a potion of magic {unknown}


   Skills:
 - Level 4.0 Fighting
 - Level 4.0 Maces & Flails
 - Level 4.0 Armour
 + Level 1.8 Dodging
 - Level 4.0 Shields


You had 3 spell levels left.
You didn't know any spells.
Your spell library was empty.

Dungeon Overview and Level Annotations

Branches:
Dungeon (3/15)

Altars:


Innate Abilities, Weirdness & Mutations

You have a pair of horns on your head.
You reflexively headbutt those who attack you in melee.


Message History

You miss the adder. You headbutt the adder.
You kill the adder!
You have reached level 4!
You feel stronger.
Search for what [Enter for "."]? sling
Found a long sword.
A sky beast comes into view.
You closely miss the sky beast.
The sky beast hits you but does no damage.
You barely miss the sky beast. Your headbutt misses the sky beast.
The sky beast hits you but does no damage.
You closely miss the sky beast. You block the sky beast's attack.
You hit the sky beast. You headbutt the sky beast.
The sky beast is moderately wounded.
The sky beast hits you but does no damage.
You closely miss the sky beast.
The sky beast is moderately wounded.
The sky beast flickers out of sight!
Deactivating autopickup; reactivate with Ctrl-A.
Something hits you but does no damage.
You hit something. Your headbutt misses something.
Something hits you but does no damage.
You barely miss something. Your headbutt misses something.
Something hits you but does no damage.
You miss something. Something hits you but does no damage.
You miss something. You miss something. Something hits you.
Something shocks you.
You miss something. Your headbutt misses something. Something hits you.
Something shocks you.
You closely miss something. Your headbutt misses something.
Something hits you but does no damage.
You completely miss something. Something hits you but does no damage.
You closely miss something. Something hits you. Something shocks you.
You closely miss something. Your headbutt misses something. Something hits you.
Something shocks you.
* * * LOW HITPOINT WARNING * * *
You miss something. Something hits you but does no damage.
You barely miss something. Your headbutt misses something. Something hits you.
* * * LOW HITPOINT WARNING * * *
Something shocks you.
You die...

>.........#...##
#.####........#
#.......##.#.## #
#...<......#.#
.#.#.##########.#
................#
.#.#....##########
####........{.#
#..#..##@#
#......#.#
#....###.#
#........#
#...###### .....).
####... #...#
....#


There were no monsters in sight!

Vanquished Creatures
  A gnoll (D:2)
  2 adders
  A dart slug (D:1)
  4 bats (D:1)
  7 endoplasms
  2 giant cockroaches
  4 goblins
  6 hobgoblins
  2 quokkas (D:1)
  A ball python (D:1)
  6 kobolds
  6 rats
42 creatures vanquished.

Vanquished Creatures (others)
  13 plants (D:3)
13 creatures vanquished.

Grand Total: 55 creatures vanquished

Notes
Turn   | Place    | Note
-------+----------+-------------------------------------------
     0 | D:1      | Murumi the Minotaur Fighter began the quest for the Orb.
     0 | D:1      | Reached XP level 1. HP: 19/19 MP: 0/0
   232 | D:1      | Reached XP level 2. HP: 26/27 MP: 1/1
   769 | D:1      | Reached XP level 3. HP: 33/33 MP: 2/2
   797 | D:1      | Reached skill level 1 in Dodging
  1373 | D:2      | Found a faded altar of an unknown god.
  1881 | D:3      | Reached XP level 4. HP: 40/40 MP: 3/3
  1908 | D:3      | Noticed a sky beast
  1925 | D:3      | Slain by a sky beast

Illustrated notes

Levels and vault maps discovered:
D:1:      lightli_arrival_statue_moat, layout_basic, minmay_tripent
D:2:      layout_rooms, ebering_ecumenical_altar_mist
D:3:      layout_basic, nicolae_grassy_gnolls

Skill      XL: |  1  2  3 |
---------------+----------+-----
Fighting       | 4 |  4.0
Armour         | 4 |  4.0
Shields        | 4 |  4.0
Maces & Flails | 3 4 |  4.0
Dodging        | 1 |  1.8

Action                   |  1- 3 |  4- 6 || total
-------------------------+-------+-------++-------
Melee: Flail             |    18 |       ||    18
       Headbutt          |    19 |     1 ||    20
       Whip              |    89 |    17 ||   106
  Use: Scroll            |     4 |       ||     4
Armor: Scale mail        |    13 |       ||    13
       Chain mail        |    42 |    10 ||    52
Dodge: Dodged            |    24 |       ||    24
Block: Buckler           |     9 |     1 ||    10

Table legend: (Time is in decaauts)
 A = Elapsed time spent in this place.
 B = Non-inter-level travel time spent in this place.
 C = Inter-level travel time spent in this place.
 D = Time resting spent in this place.
 E = Time spent auto-exploring this place.
 F = Levels seen in this place.
 G = Mean time per level.
                   A        B        C        D        E       F      G
               +--------+--------+--------+--------+--------+-----+--------+
         Total |   1932 |   1760 |    172 |     48 |   1377 |   3 |  644.0 |
       Dungeon |   1932 |   1760 |    172 |     48 |   1377 |   3 |  644.0 |
               +--------+--------+--------+--------+--------+-----+--------+

Top non-repeatable levels by time:
     D:1: 1320 daAuts
     D:2: 556 daAuts
     D:3: 56 daAuts
